 Dungeon Crawl Stone Soup version 0.30-a0-737-gf23d94013f (webtiles) character file.

Game seed: 15935618888792709440

26 jimonade the Cutter (level 2, 0/22 HPs)
             Began as a Demonspawn Gladiator on Feb 2, 2023.
             Slain by Terence
             ... wielding a +0 hand axe
              (6 damage)
             ... on level 2 of the Dungeon.
             The game lasted 00:01:33 (622 turns).

jimonade the Cutter (Demonspawn Gladiator)           Turns: 622, Time: 00:01:34

Health: 0/22       AC:  6    Str: 14    XL:     2   Next: 89%
Magic:  2/2        EV: 11    Int:  9    God:
Gold:   87         SH:  0    Dex: 14    Spells: 1/1 levels left

rFire   + . .      SeeInvis .    a - +0 rapier
rCold   . . .      Faith    .    (no shield)
rNeg    . . .      Spirit   .    n - +0 ring mail {rF+}
rPois   .          Reflect  .    c - +0 helmet
rElec   .          Harm     .    (no cloak)
rCorr   .          Rampage  .    (no gloves)
Will    .....                    (no boots)
Stlth   +                        (no amulet)
HPRegen 0.23/turn                (no ring)
MPRegen 0.08/turn                (no ring)

@: no status effects
A: demonic touch 1
a: no special abilities


You were on level 2 of the Dungeon.
You visited 1 branch of the dungeon, and saw 2 of its levels.

You collected 87 gold pieces.

Inventory:

Hand Weapons
 a - a +0 rapier (weapon)
 b - a +1 sling of freezing
Missiles
 d - 2 throwing nets (quivered)
 e - a javelin
Armour
 c - a +0 helmet (worn)
 f - a +0 leather armour
 n - a +0 ring mail of fire resistance (worn)
Jewellery
 o - a ring of ice
Scrolls
 g - 3 scrolls of fog {unknown}
 i - 2 scrolls of teleportation {unknown}
 l - a scroll of magic mapping {unknown}
 m - 3 scrolls of fear {unknown}
Potions
 h - 3 potions of curing {unknown}
 j - 2 potions of ambrosia {unknown}
 k - a potion of resistance {unknown}


   Skills:
 + Level 2.0 Fighting
 * Level 3.3 Short Blades
 + Level 0.3 Ranged Weapons
 - Level 1.7 Throwing
 + Level 0.1 Armour
 + Level 3.0 Dodging


You had one spell level left.
You didn't know any spells.
Your spell library contained the following spells:

 Spells                   Type           Power      Damage    Failure   Level
 Ozocubu's Armour         Ice            0%         N/A       94%         3
 Ozocubu's Refrigeration  Ice            0%         4d7       100%        7


Dungeon Overview and Level Annotations

Branches:
Dungeon (2/15)

Altars:

Annotations:
D:2 Terence


Innate Abilities, Weirdness & Mutations

Your touch may inflict minor irresistible damage on your foes.


Message History

You are too injured to fight recklessly!
You are too injured to fight recklessly!
You are too injured to fight recklessly!
You are too injured to fight recklessly!
You are too injured to fight recklessly!
You hit the goblin.
You kill the goblin!
Things that are here:
a +0 club; a goblin corpse HP restored.
Terence the Incautious comes into view.
He is wielding a +0 hand axe.
Okay, then.
Throw: 3 throwing nets
Press: ? - help, Q - select action, (/) - cycle Shift-Dir - straight line, f - Terence
Aim: Terence, wielding a +0 hand axe and wearing a +0 scale mail (63% to hit)
You throw a throwing net. The throwing net hits Terence.
Terence is caught in the net!
Terence struggles against the net.
Terence struggles against the net.
You hit Terence but do no damage.
Terence drinks a potion.
Terence goes berserk!
Terence struggles against the net.
You catch the helpless Terence completely off-guard!
You puncture Terence!
Terence is moderately wounded.
Terence struggles against the net.
The net rips apart, and Terence comes free!
You hit Terence but do no damage.
Terence is moderately wounded.
Terence hits you with a +0 hand axe.
You closely miss Terence.
You touch Terence.
Terence is heavily wounded.
Terence hits you with a +0 hand axe. Terence hits you with a +0 hand axe!
You hit Terence.
Terence is severely wounded.
Terence hits you with a +0 hand axe.
* * * LOW HITPOINT WARNING * * *
You hit Terence but do no damage.
Terence is severely wounded.
Terence hits you with a +0 hand axe.
You die...

(...... ..#
###...#.# #.#
.....#.# #.#
#..##.# #.#
#..##.#####.#
#.#.......#.####...
#).##.#............
#.###.#...#.#####.
#.# #.#####@# # #.#
#.# #@# #.###.# #.#
#.# #.#...###.. ..#
#..#.#.#### ###
#.......# ##.#.#..#
##...#.# ##.##.#


You could see Terence (berserk).

Vanquished Creatures
  An adder (D:2)
  A giant cockroach (D:1)
  3 goblins
  4 kobolds (D:1)
  3 ball pythons (D:1)
  2 bats
  2 frilled lizards (D:1)
16 creatures vanquished.

Notes
Turn   | Place    | Note
-------+----------+-------------------------------------------
     0 | D:1      | jimonade the Demonspawn Gladiator began the quest for the
                  | Orb.
     0 | D:1      | Reached XP level 1. HP: 16/16 MP: 1/1
   222 | D:1      | Gained mutation: Your touch may inflict minor irresistible
                  | damage on your foes. [demonic ancestry]
   222 | D:1      | Reached XP level 2. HP: 22/22 MP: 2/2
   613 | D:2      | Noticed Terence
   622 | D:2      | Slain by Terence

Illustrated notes

Levels and vault maps discovered:
D:1:      lemuel_arrival_hallway, layout_rooms, minmay_unequal
D:2:      layout_loops_ring, basic_altar, uniq_natasha, uniq_terence

Skill      XL: |  1  2 |
---------------+-------+-----
Short Blades   | 3 |  3.3
Dodging        | 3 |  3.0
Fighting       | |  2.0
Ranged Weapons | |  0.3
Throwing       | |  1.7
Armour         | |  0.1

Action                     || total
---------------------------++-------
  Melee: Rapier            ||    47
         Punch             ||     1
         Touch             ||     2
   Fire: Sling             ||     2
  Throw: Throwing net      ||     1
   Stab: Held in net/web   ||     1
         Sleeping          ||     1
 Armour: Leather armour    ||     7
         Ring mail         ||     9
  Dodge: Dodged            ||    23

Table legend: (Time is in decaauts)
 A = Elapsed time spent in this place.
 B = Non-inter-level travel time spent in this place.
 C = Inter-level travel time spent in this place.
 D = Time resting spent in this place.
 E = Time spent auto-exploring this place.
 F = Levels seen in this place.
 G = Mean time per level.
                   A        B        C        D        E       F      G
               +--------+--------+--------+--------+--------+-----+--------+
         Total |    623 |    620 |      3 |      0 |    473 |   2 |  311.5 |
       Dungeon |    623 |    620 |      3 |      0 |    473 |   2 |  311.5 |
               +--------+--------+--------+--------+--------+-----+--------+

Top non-repeatable levels by time:
     D:1: 516 daAuts
     D:2: 106 daAuts
